Map: Ley Lines

Players

wootwoot - Winner!

  • Race: Terran Terran
  • League: Silver
  • Spawn Location: 7:00

BST

  • Race: Protoss Protoss
  • League: Silver
  • Spawn Location: 1:00

VOD

Have the link to the VOD?

Description

Time

  • Played on: April 21, 2025, 10:04 a.m.
  • Length: 4:55
Show
View Real Time Build Order
Export as new Build Order

wootwoot Terran - Winner!

Build Orders:  

Get SALT Encoding   

  12  0:00  SCV  
  13  0:12  SCV  
  14  0:17  Supply Depot  
  14  0:24  SCV  
  15  0:39  SCV  
  15  0:42  Barracks  
  16  0:54  Barracks  
  16  0:58  SCV  
  17  1:08  Barracks  
  17  1:28  Orbital Command  
  17  1:29  Marine  
  18  1:36  Barracks  
  18  1:40  Marine  
  18  1:47  Marine  
  20  1:55  Marine  
  20  1:58  Marine  
  22  2:04  Marine  
  23  2:13  Marine  
  24  2:16  Marine  
  26  2:23  Marine  
  26  2:25  Barracks  
  24  2:40  SCV  
  24  2:41  Refinery x2  
  25  2:59  SCV  
  26  3:11  SCV  
  26  3:12  Supply Depot  
  27  3:24  Factory  
  27  3:26  Marine x3  
  30  3:27  Marine  
  30  3:33  Marine  
  32  3:35  Supply Depot, SCV  
  33  3:44  Marine x3  
  33  3:47  Marine  
  37  3:53  Marine  
  38  4:07  Factory Tech Lab  
  38  4:13  Marine x4  
  40  4:31  Marine  
Show
View Real Time Build Order
Export as new Build Order

BST Protoss 

Build Orders: Cannon Rush 

Get SALT Encoding   

  12  0:10  Pylon  
  12  0:29  Gateway  
  12  0:38  Forge  
  12  0:55  Probe  
  13  1:16  Photon Cannon  
  13  1:20  Photon Cannon  
  13  1:27  Photon Cannon  
  13  1:31  Zealot  
  15  1:49  Pylon  
  15  1:54  Assimilator  
  15  2:10  Assimilator  
  15  2:12  Zealot  
  17  2:29  Cybernetics Core  
  17  3:24  Photon Cannon  
  17  3:32  Probe  
  18  3:42  Stalker  
  18  3:44  Probe  
  21  3:52  Probe  
  21  4:00  Probe  
  22  4:09  Stalker  
  23  4:10  Probe  
  26  4:22  Probe  
  23  4:34  Probe  
Tags
 
Matchup
PvT
Replay Pack
#1B2M-Replays
Spawn Locations
Cross Positions
Add a new tag
Caveats
  • Supply blocks, unpowered buildings, or Contaminate may cause inaccurate times.
  • Supply counts are checked every 10 seconds.